 Dungeon Crawl Stone Soup version 0.31-a0-233-g139696dc86 (webtiles) character file.

Game seed: 5541300014564456088

312 JamisonSwartz13 the Chopper (level 6, 0/48 HPs)
             Began as a Demonspawn Berserker on July 10, 2023.
             Was a Follower of Trog.
             Succumbed to Blork the orc's poison
             ... on level 4 of the Dungeon.
             The game lasted 00:07:28 (2776 turns).

JamisonSwartz13 the Chopper (Demonspawn Berserker)  Turns: 2776, Time: 00:07:28

Health: 0/48       AC:  6    Str: 19    XL:     6   Next: 18%
Magic:  15/15      EV: 12    Int:  9    God:    Trog [*.....]
Gold:   135        SH:  0    Dex: 12    Spells: 5/5 levels left

rFire   . . .        a - +1 hand axe
rCold   . . .        (no shield)
rNeg    . . .        k - +3 leather armour
rPois   .            (helmet restricted)
rElec   .            (no cloak)
rCorr   +            (no gloves)
SInv    .            (no boots)
Will    .....        (no amulet)
Stlth   +            e - ring of magical power
HPRegen 0.28/turn    c - ring of resist corrosion
MPRegen 0.14/turn

%: no passive effects
@: lethally poisoned (0 -> -3), about to teleport
A: antennae 1, demonic guardian 1, demonic magic 1
a: Renounce Religion, Berserk


You were on level 4 of the Dungeon.
You worshipped Trog.
Trog was aware of your devotion.
You visited 1 branch of the dungeon, and saw 4 of its levels.

You collected 135 gold pieces.

Inventory:

Hand Weapons
 a - a +1 hand axe (weapon)
 j - a +0 club
Armour
 h - a +0 chain mail
 k - a +3 leather armour (worn)
Jewellery
 c - a ring of resist corrosion (right hand)
 e - a ring of magical power (left hand)
Wands
 i - a wand of digging (6)
Scrolls
 f - 4 scrolls of identify
 g - a scroll of teleportation
Potions
 b - 2 potions of might {unknown}
 d - a potion of mutation {unknown}
 m - a potion of berserk rage {unknown}


   Skills:
 + Level 3.7 Fighting
 + Level 4.4 Axes
 + Level 3.3 Armour
 + Level 2.7 Dodging
 + Level 1.4 Stealth


You had 5 spell levels left.
You didn't know any spells.
Your spell library contained the following spells:

 Spells                   Type           Power      Damage    Failure   Level
 Malign Gateway           Summ/Tloc      0%         N/A       100%        7
 Summon Horrible Things   Summ           0%         N/A       100%        8


Dungeon Overview and Level Annotations

Branches:
Dungeon (4/15)
 Temple: D:4-7

Altars:
Wu Jian

Annotations:
D:4 Blork the orc


Innate Abilities, Weirdness & Mutations

You have a pair of small antennae on your head.
A weak demonic guardian rushes to your aid.
Spells you cast may paralyse adjacent enemies.


Message History

You are more poisoned.
You barely miss Blork the orc.
Blork the orc is lightly wounded.
You feel very sick. Blork the orc barely misses you. x2
You hit Blork the orc.
Blork the orc is lightly wounded.
You feel sick. Blork the orc barely misses you.
You hit Blork the orc but do no damage.
Blork the orc is lightly wounded.
You feel sick.
Blork the orc gestures at you while chanting.
The puff of flame hits you.
A demonic guardian appears!
You hit Blork the orc.
Blork the orc is moderately wounded.
You feel sick.
Blork the orc hits you with a +3 halberd of venom.
You are more poisoned.
You hit Blork the orc.
Blork the orc is moderately wounded.
You feel very sick.
Blork the orc hits you with a +3 halberd of venom!
* * * LOW HITPOINT WARNING * * *
Your shadow imp hits Blork the orc.
You slash Blork the orc!
Blork the orc is severely wounded.
* * * LOW HITPOINT WARNING * * *
You feel sick. Blork the orc misses you.
Your shadow imp hits Blork the orc.
As you read the scroll of teleportation, it crumbles to dust.
You feel strangely unstable.
* * * LOW HITPOINT WARNING * * *
You feel sick.
Blork the orc closely misses your shadow imp.
Your shadow imp barely misses Blork the orc.
* * * LOW HITPOINT WARNING * * *
You feel sick.
Blork the orc hits your shadow imp with a +3 halberd of venom!
Your shadow imp dies!
Your shadow imp disappears in a puff of smoke!
You die...

#########...#####
...........##
######...## .
#...# ##.####...#
........#+###
............#
....>.......######
###.####@..o......
#. #####...... .
...... . .....
≈≈... ≈... ≈.[.


You could see Blork the orc (unaware).

Vanquished Creatures
  7 adders
  An ufetubus (D:3)
  2 worms
  4 dart slugs
  4 endoplasms
  A giant cockroach (D:1)
  A goblin (D:4)
  2 hobgoblins (D:3)
  3 quokkas
  4 ball pythons
  2 bats
  2 frilled lizards (D:2)
  3 kobolds
  8 rats
44 creatures vanquished.

Vanquished Creatures (collateral kills)
  Grinder (D:4)
1 creature vanquished.

Grand Total: 45 creatures vanquished

Notes
Turn   | Place    | Note
-------+----------+-------------------------------------------
     0 | D:1      | JamisonSwartz13 the Demonspawn Berserker began the quest
                  | for the Orb.
     0 | D:1      | Reached XP level 1. HP: 18/18 MP: 1/1
   390 | D:1      | Reached skill level 3 in Axes
   445 | D:1      | Gained mutation: Spells you cast may paralyse adjacent
                  | enemies. [demonic ancestry]
   445 | D:1      | Reached XP level 2. HP: 12/24 MP: 2/2
   835 | D:1      | Found a faded altar of an unknown god.
  1190 | D:2      | Gained mutation: A weak demonic guardian rushes to your
                  | aid. [demonic ancestry]
  1190 | D:2      | Reached XP level 3. HP: 29/29 MP: 3/3
  2158 | D:3      | Reached XP level 4. HP: 28/35 MP: 4/4
  2206 | D:3      | Found an ornate altar of the Wu Jian Council.
  2472 | D:3      | Reached skill level 1 in Stealth
  2700 | D:4      | Noticed Grinder
  2720 | D:4      | Killed Grinder
  2721 | D:4      | Reached skill level 4 in Axes
  2721 | D:4      | Gained mutation: You have a pair of small antennae on your
                  | head. [demonic ancestry]
  2721 | D:4      | Reached XP level 5. HP: 42/42 MP: 5/5
  2721 | D:4      | Reached XP level 6. HP: 48/48 MP: 6/6
  2759 | D:4      | Noticed Blork the orc
  2775 | D:4      | HP: 1/48 [poisoned by Blork the orc]
  2776 | D:4      | Succumbed to Blork the orc's poison

Illustrated notes

Levels and vault maps discovered:
D:1:      saegor_arrival_simple_d, layout_loops_corners,
          shapermc_ecumenical_altar_notcrosses, chequers_serial_rivers_micro_c,
          minivault_14, minmay_large_rounded_square, minmay_misc_feat_iff
D:2:      layout_basic, chequers_serial_rivers_micro_d,
          chequers_serial_rivers_micro_e
D:3:      minmay_wonky_spiral, layout_rooms, nzn_wu_jian_contemplation
D:4:      layout_basic, kennysheep_mini_moat, gammafunk_ghost_gnarly_gnolls,
          serial_shops, nicolae_shop_peninsula, uniq_grinder, uniq_menkaure,
          uniq_blork_the_orc

Skill      XL: |  1  2  3  4 |
---------------+-------------+-----
Axes           | 3 4 |  4.4
Dodging        | 2 |  2.7
Armour         | 2 3 |  3.3
Stealth        | 1 |  1.4
Fighting       | |  3.7

Action                     |  1- 3 |  4- 6 || total
---------------------------+-------+-------++-------
  Melee: Hand axe          |   127 |    53 ||   180
         Punch             |       |     1 ||     1
 Invoke: Berserk           |     1 |     2 ||     3
    Use: Scroll            |     4 |     4 ||     8
   Stab: Sleeping          |     2 |     1 ||     3
 Armour: Ring mail         |    49 |       ||    49
         Leather armour    |    17 |    28 ||    45
         Chain mail        |     9 |       ||     9
  Dodge: Dodged            |    82 |    43 ||   125

Table legend: (Time is in decaauts)
 A = Elapsed time spent in this place.
 B = Non-inter-level travel time spent in this place.
 C = Inter-level travel time spent in this place.
 D = Time resting spent in this place.
 E = Time spent auto-exploring this place.
 F = Levels seen in this place.
 G = Mean time per level.
                   A        B        C        D        E       F      G
               +--------+--------+--------+--------+--------+-----+--------+
         Total |   2833 |   2633 |    200 |      0 |   1817 |   4 |  708.2 |
       Dungeon |   2833 |   2633 |    200 |      0 |   1817 |   4 |  708.2 |
               +--------+--------+--------+--------+--------+-----+--------+

Top non-repeatable levels by time:
     D:1: 1193 daAuts
     D:3: 809 daAuts
     D:2: 659 daAuts
     D:4: 171 daAuts
